 Dungeon Crawl Stone Soup version 0.27-a0-705-ga0013940fb (webtiles) character file.

Game seed: 10806355273888898963

11 jasper the Sneak (level 2, 0/24 HPs)
             Began as a Demonspawn Delver on Mar 22, 2021.
             Succumbed to an adder's poison
             ... on level 3 of the Dungeon.
             The game lasted 00:00:41 (130 turns).

jasper the Sneak (Demonspawn Delver)                 Turns: 130, Time: 00:00:42

Health: 0/24       AC:  6    Str: 12    XL:     2   Next: 13%
Magic:  2/2        EV: 11    Int: 11    God:
Gold:   1          SH:  0    Dex: 14    Spells: 1/1 levels left

rFire    . . .     SeeInvis .   a - +0 hand axe
rCold    . . .     Faith    .   (no shield)
rNeg     . . .     Spirit   .   b - +0 leather armour
rPois    .         Reflect  .   (no helmet)
rElec    .         Harm     .   (no cloak)
rCorr    .         Rampage  .   (no gloves)
Will     .....                  h - +2 pair of boots
Stlth    ++........             (no amulet)
HPRegen  0.08/turn              (no ring)
MPRegen  0.08/turn              (no ring)

@: lethally poisoned (0 -> -9), hasted, very quick
A: spiny 1
a: no special abilities


You were on level 3 of the Dungeon.
You visited 1 branch of the dungeon, and saw 3 of its levels.

You collected 1 gold pieces.

Inventory:

Hand Weapons
 a - a +0 hand axe (weapon)
Missiles
 e - 11 bolts
Armour
 b - a +0 leather armour (worn)
 h - a +2 pair of boots (worn)
Wands
 g - a wand of digging (1)
Scrolls
 c - a scroll of fog
 d - a scroll of magic mapping


   Skills:
 + Level 3.1 Fighting
 * Level 2.2 Axes
 + Level 0.5 Armour
 - Level 1.7 Dodging
 - Level 4.5 Stealth


You had one spell level left.
You didn't know any spells.
Your spell library was empty.

Dungeon Overview and Level Annotations

Branches:
Dungeon (5/15)
 Temple: D:4-7

Altars:


Innate Abilities, Weirdness & Mutations

You are partially covered in sharp spines.


Message History

You closely miss the giant cockroach. The giant cockroach bites you.
Your Axes skill increases to level 2!
You have reached level 2!
Your demonic ancestry asserts itself...
Sharp spines emerge from parts of your body.
MP restored: 2 You completely miss the hobgoblin.
You hit the giant cockroach but do no damage.
* * * LOW HITPOINT WARNING * * *
You feel sick. The giant cockroach bites you.
* * * LOW HITPOINT WARNING * * *
The hobgoblin barely misses you.
You take 3 damage, and have 5/24 hp.
You closely miss the hobgoblin. You hit the rat.
You kill the rat!
You closely miss the giant cockroach.
* * * LOW HITPOINT WARNING * * *
You feel sick.
The giant cockroach bites you but does no damage.
The hobgoblin barely misses you.
You take 1 damage, and have 4/24 hp.
You closely miss the hobgoblin.
You hit the giant cockroach but do no damage.
* * * LOW HITPOINT WARNING * * *
You feel sick.
A rat comes into view.
The giant cockroach barely misses you. The hobgoblin is struck by your spines.
The hobgoblin misses you.
You take 1 damage, and have 3/24 hp.
You hit the hobgoblin.
You kill the hobgoblin!
You barely miss the giant cockroach.
The kobold throws a stone.
The stone hits you but does no damage. The giant cockroach bites you.
* * * LOW HITPOINT WARNING * * *
You take 2 damage, and have 1/24 hp.
You hit the quokka.
The quokka is moderately wounded.
You hit the giant cockroach.
You kill the giant cockroach!
You die...

#.g...# #.....#
##..r## #..>#####
##...#...
##.##...##
#..##....##..
.###.#.##..⌠.....
........Kr@..≈....
....###..#...≈≈≈≈≈
##.# #..#..≈≈≈≈..
#.. #.....≈≈≈≈..
## #......≈≈≈≈.
#......≈....
#$..........
##...###..##


You could see a quokka, a kobold and a rat.

Vanquished Creatures
  An adder (D:3)
  A giant cockroach (D:3)
  A hobgoblin (D:3)
  A rat (D:3)
4 creatures vanquished.

Vanquished Creatures (others)
  2 plants (D:3)
2 creatures vanquished.

Grand Total: 6 creatures vanquished

Notes
Turn   | Place    | Note
-------+----------+-------------------------------------------
     0 | D:5      | jasper the Demonspawn Delver began the quest for the Orb.
     0 | D:5      | Reached XP level 1. HP: 18/18 MP: 1/1
    72 | D:5      | Noticed a sky beast
    81 | D:4      | Noticed an orc wizard
    81 | D:4      | Noticed an orc priest
    83 | D:4      | Noticed an orc wizard
   126 | D:3      | Gained mutation: You are partially covered in sharp spines.
                  | [demonic ancestry]
   126 | D:3      | Reached XP level 2. HP: 8/24 MP: 2/2
   129 | D:3      | HP: 1/24 [giant cockroach (2)]
   130 | D:3      | Succumbed to an adder's poison

Illustrated notes

Levels and vault maps discovered:
D:3:      layout_loops_cross, kiku_gazebo_pond_becter,
          chequers_ecumenical_altar_twisty, serial_bayou, serial_bayou_lagoon_a,
          serial_bayou_crossing, serial_bayou_pond_d, serial_bayou_lake_a,
          serial_bayou_shore_b, serial_bayou_pond_a,
          minmay_fractal_squares_gapless_5
D:4:      layout_cave_pods, kennysheep_mini_moat, bloody_trog,
          gup_sewer_entry_spiral, ebering_ghost_sewer_d, hex_tiny, st_stairs_1,
          kennysheep_flooded_box
D:5:      layout_loops_cross

Skill      XL: |  1 |
---------------+----+-----
Axes           | 2 |  2.2
Fighting       | |  3.1
Armour         | |  0.5
Dodging        | |  1.7
Stealth        | |  4.5

Action                   || total
-------------------------++-------
Melee: Hand axe          ||    15
Evoke: Wand              ||     2
  Use: Scroll            ||     1
       Potion            ||     1
Armor: Leather armour    ||     6
Dodge: Dodged            ||     9

Table legend: (Time is in decaauts)
 A = Elapsed time spent in this place.
 B = Non-inter-level travel time spent in this place.
 C = Inter-level travel time spent in this place.
 D = Time resting spent in this place.
 E = Time spent auto-exploring this place.
 F = Levels seen in this place.
 G = Mean time per level.
                   A        B        C        D        E       F      G
               +--------+--------+--------+--------+--------+-----+--------+
         Total |    126 |    114 |     12 |      0 |     52 |   3 |   42.0 |
       Dungeon |    126 |    114 |     12 |      0 |     52 |   3 |   42.0 |
               +--------+--------+--------+--------+--------+-----+--------+

Top non-repeatable levels by time:
     D:5: 81 daAuts
     D:3: 35 daAuts
     D:4: 10 daAuts
